 Dungeon Crawl Stone Soup version 0.32-a0-612-g1c984fe9d1 (webtiles) character file.

Game seed: 5395949258824569919

65 Juicyj the Ruffian (level 3, -8/33 HPs)
             Began as a Troll Shapeshifter on Mar 4, 2024.
             Mangled by Sigmund
             ... wielding a +1 scythe of venom
              (10 damage)
             ... on level 2 of the Dungeon.
             The game lasted 00:03:11 (710 turns).

Juicyj the Ruffian (Troll Shapeshifter)              Turns: 710, Time: 00:03:12

Health: -8/33      AC:  4    Str: 24    XL:     3   Next: 92%
Magic:  2/2        EV: 10    Int:  6    God:
Gold:   50         SH:  0    Dex:  9    Spells: 2/2 levels left

rFire   . .          .
                       - Unarmed
rCold   . . .        (no shield)
rNeg    . . .        a - +0 animal skin
rPois   .            (helmet currently unavailable)
rElec   .            h - melded +0 cloak
rCorr   .            (gloves unavailable)
SInv    .            (boots unavailable)
Will    .....        (no amulet)
Stlth   +            (no ring)
HPRegen 1.05/turn    (no ring)
MPRegen 0.08/turn

%: no passive effects
@: confused, lethally poisoned (-8 -> -12), beast-form
A: beast (slay +1), large, unfitting armour, claws 3, regeneration 1, shaggy fur
1, tough skin 1
a: Begin Untransformation


You were on level 2 of the Dungeon.
You were a hulking beast.
You visited 1 branch of the dungeon, and saw 2 of its levels.

You collected 50 gold pieces.

Inventory:

Armour
 a - a +0 animal skin (worn)
 h - a +0 cloak (melded)
Talismans
 c - a beast talisman (active)
 d - a flux talisman
Potions
 e - a potion of brilliance


   Skills:
 + Level 1.6 Fighting
 + Level 2.1 Dodging
 + Level 3.5 Unarmed Combat
 + Level 3.4 Shapeshifting


You had 2 spell levels left.
You didn't know any spells.
Your spell library contained the following spells:

 Spells                   Type           Power      Damage    Failure   Level
 Lesser Beckoning         Tloc           0%         N/A       58%         2
 Gell's Gravitas          Tloc           0%         N/A       83%         3
 Teleport Other           Tloc           0%         N/A       83%         3
 Leda's Liquefaction      Alch/Erth      0%         N/A       99%         4
 Lee's Rapid Deconstruct  Erth           0%         3d4*      100%        5
 Bombard                  Conj/Erth      0%         9d1       100%        6


Dungeon Overview and Level Annotations

Branches:
Dungeon (2/15)

Altars:

Annotations:
D:2 Sigmund


Innate Abilities, Weirdness & Mutations

You are a hulking beast.
Your limbs bulge with bestial killing power. (Slay +1)
You are too large for most types of armour.
You have claws for hands.
Your natural rate of healing is unusually fast.
You are covered in fur. (AC +1)
You have tough skin. (AC +1)


Message History

You hear some strange, mumbled words.
You are more confused.
The endoplasm hits you.
A magic dart appears from out of thin air!
The magic dart hits you.
Your butterfly disappears in a burst of colours!
The endoplasm completely misses you. Something hits you.
You cannot move. (Use ctrl+direction or * direction to attack while stationary and confused.)
You cannot move. (Use ctrl+direction or * direction to attack while stationary and confused.)
You cannot move. (Use ctrl+direction or * direction to attack while stationary and confused.)
You swing at nothing.
You feel less wooden.
Your +0 cloak unmelds from your body.
Your +0 animal skin unmelds from your body.
You turn into a hulking beast.
Your +0 cloak melds into your body.
The endoplasm freezes you.
You are frozen.
You scratch the endoplasm.
The endoplasm is heavily wounded.
The endoplasm freezes you.
You are frozen.
Something hits you.
You are poisoned.
You claw the endoplasm!
You kill the endoplasm!
You feel very sick. Something hits you.
You are lethally poisoned!
Okay, then.
* * * LOW HITPOINT WARNING * * *
You feel very sick.
* * * LOW HITPOINT WARNING * * *
You feel very sick.
Reactivating autopickup.
Sigmund appears from thin air!
Sigmund points at you and mumbles some strange words.
You resist with significant effort.
* * * LOW HITPOINT WARNING * * *
You feel very sick.
Sigmund hits you with a +1 scythe of venom!
You die...
Sigmund begins carving another notch in his scythe.

#... ...# #...######
#.#......# .. ##
........# #.# ##.
#......#####..###.. ..
#.@..........# #...
....#.h....###..## #...
..................###...
.(..##..?......#........
........|...).........[.
....##.#.#####.#.#####..
.. #..#.# #...# ##. .
#.#... ##..#####..
#....# ##........ #..#..
##.###...


You could see Sigmund.

Vanquished Creatures
  Natasha (D:2)
  2 dart slugs (D:1)
  2 ball pythons
  3 bats
  An endoplasm (D:2)
  3 giant cockroaches
  A goblin (D:2)
  4 hobgoblins (D:1)
  8 jackals
  A quokka (D:1)
  A frilled lizard (D:1)
  2 kobolds (D:1)
  3 rats
32 creatures vanquished.

Notes
Turn   | Place    | Note
-------+----------+-------------------------------------------
     0 | D:1      | Juicyj the Troll Shapeshifter began the quest for the Orb.
     0 | D:1      | Reached XP level 1. HP: 18/18 MP: 0/0
    96 | D:1      | Reached skill level 1 in Fighting
   103 | D:1      | Reached XP level 2. HP: 27/27 MP: 1/1
   271 | D:1      | Reached XP level 3. HP: 33/33 MP: 2/2
   641 | D:2      | Noticed Natasha
   647 | D:2      | Killed Natasha
   652 | D:2      | Noticed Sigmund
   710 | D:2      | Mangled by Sigmund

Illustrated notes

Levels and vault maps discovered:
D:1:      dpeg_arrival_round_a, layout_rooms, nicolae_the_louvre
D:2:      layout_rooms, uniq_natasha, uniq_sigmund

Skill      XL: |  1  2 |
---------------+-------+-----
Fighting       | 1 |  1.6
Dodging        | 2 |  2.1
Unarmed Combat | |  3.5
Shapeshifting  | |  3.4

Action                     || total
---------------------------++-------
  Melee: Unarmed           ||    78
         Punch             ||     1
    Use: Scroll            ||     3
         Potion            ||     1
 Armour: Animal skin       ||    57
         Skin              ||    12
  Dodge: Dodged            ||    45
         Form:             ||     2
         Beast             ||     2

Table legend: (Time is in decaauts)
 A = Elapsed time spent in this place.
 B = Non-inter-level travel time spent in this place.
 C = Inter-level travel time spent in this place.
 D = Time resting spent in this place.
 E = Time spent auto-exploring this place.
 F = Levels seen in this place.
 G = Mean time per level.
                   A        B        C        D        E       F      G
               +--------+--------+--------+--------+--------+-----+--------+
         Total |    705 |    701 |      4 |      0 |    472 |   2 |  352.5 |
       Dungeon |    705 |    701 |      4 |      0 |    472 |   2 |  352.5 |
               +--------+--------+--------+--------+--------+-----+--------+

Top non-repeatable levels by time:
     D:1: 583 daAuts
     D:2: 122 daAuts
